 Dungeon Crawl Stone Soup version 0.22-a0-305-gd21a89c (webtiles) character file.

434 Amnesiac the Slicer (level 7, 0/41 HPs)
             Began as a Kobold Fighter on Mar 31, 2018.
             Shot with an arrow by a centaur (6 damage)
             ... on level 5 of the Dungeon.
             The game lasted 00:03:54 (1987 turns).

Amnesiac the Slicer (Kobold Fighter)                Turns: 1987, Time: 00:03:55

Health: 0/41       AC:  6    Str: 16    XL:     7   Next: 20%
Magic:  7/7        EV: 10    Int:  9    God:
Gold:   90         SH: 10    Dex: 14    Spells: 6/6 levels left

rFire    . . .     SeeInvis .   a - +2 dagger (venom)
rCold    . . .     Gourm    .   c - +1 shield
rNeg     . . .     Faith    .   b - +0 scale mail
rPois    .         Spirit   .   (no helmet)
rElec    .         Reflect  .   (no cloak)
rCorr    .         Harm     .   (no gloves)
MR       .....                  (no boots)
Stlth    ..........             (no amulet)
HPRegen  0.13/turn              (no ring)
MPRegen  0.10/turn              (no ring)

@: no status effects
A: small, carnivore
a: no special abilities


You were on level 5 of the Dungeon.
You were very full.

You visited 1 branch of the dungeon, and saw 5 of its levels.

You collected 90 gold pieces.

Inventory:

Hand Weapons
 a - a +2 dagger of venom (weapon)
 k - a +0 rapier
Armour
 b - a +0 scale mail (worn)
 c - a +1 shield (worn)
Scrolls
 q - a scroll of enchant weapon {!r}
Potions
 d - 2 potions of might {!q}
 g - a potion of haste {!q, unknown}
 j - a potion of mutation {!q, unknown}
 n - a potion of lignification {!q, unknown}
Comestibles
 f - 3 rations


   Skills:
 + Level 3.5 Fighting
 - Level 8.1 Short Blades
 * Level 2.8 Armour
 + Level 2.8 Dodging
 * Level 2.8 Shields


You had 6 spell levels left.
You didn't know any spells.

Dungeon Overview and Level Annotations

Branches:
Dungeon (5/15)
 Temple: D:4-7

Altars:
Cheibriados
Dithmenos
Elyvilon
Kikubaaqudgha
Ru
Trog
Uskayaw
Wu Jian
The Shining One


Innate Abilities, Weirdness & Mutations

You are small and have problems with some larger weapons.
You are carnivorous and can eat meat at any time.


Message History

The white imp gestures at you. The puff of frost hits you!
* * * LOW HITPOINT WARNING * * *
Eustachio casts a spell.
Eustachio blinks!
The quokka bites you.
* * * LOW HITPOINT WARNING * * *
The white imp laughs crazily.
Eustachio gestures wildly while chanting.
Eustachio blinks!
The quokka bites you.
* * * LOW HITPOINT WARNING * * *
The quokka bites you but does no damage.
The quokka disappears in a puff of smoke!
The river rat disappears in a puff of smoke!
The quokka disappears in a puff of smoke!
The shadow imp disappears in a puff of smoke!
The white imp disappears in a puff of smoke!
Training target 8.0 for Short Blades reached!
Your Short Blades skill increases to level 8!
You have reached level 7!
You feel a bit more experienced.
You start resting.
A centaur comes into view.
Really read
q - 2 scrolls labeled VODWAPTOOVA {!r}?
As you read the scroll labeled VODWAPTOOVA {!r}, it crumbles to dust.
It is a scroll of enchant weapon.
Your +1 dagger of venom glows red for a moment.
Really read
o - a scroll labeled DUD HUELYSEMUIS {!r}?
As you read the scroll labeled DUD HUELYSEMUIS {!r}, it crumbles to dust.
It is a scroll of identify.
p - a potion of degeneration {!q} Drop what? 15/52 slots (_ for help) (? for menu, Esc to quit)
You drop a potion of degeneration {!q}.
Really read
m - a scroll labeled WYQOUTW YGYMED {!r}?
As you read the scroll labeled WYQOUTW YGYMED {!r}, it crumbles to dust.
You feel strangely unstable.
It was a scroll of teleportation {!r}.
Really read
l - a scroll labeled LAFADI MINO {!r}?
As you read the scroll labeled LAFADI MINO {!r}, it crumbles to dust.
It is a scroll of enchant armour.
Your +0 shield glows green for a moment.
What are your orders? t - Shout!
Orders for allies: a - Attack new target. r - Retreat! s - Stop attacking. g - Guard the area. f - Follow me.
Anything else - Cancel.
You shout for attention!
Your surroundings suddenly seem different.
Really read
i - a scroll labeled QAK QICZIGILO {!r}?
As you read the scroll labeled QAK QICZIGILO {!r}, it crumbles to dust.
You feel blessed for a moment.
It was a scroll of remove curse {!r}.
Really read
e - a scroll labeled HEILLO GERE {!r}?
As you read the scroll labeled HEILLO GERE {!r}, it crumbles to dust.
You feel aware of your surroundings.
You sensed 1 altar.
It was a scroll of magic mapping {!r}.
You start resting.
You aren't carrying any items that you can evoke.
Okay, then.
The centaur wields a runed shortbow.
It is covered in frost.
The centaur shoots an arrow.
You block the arrow.
The centaur shoots an arrow.
The arrow misses you.
The centaur shoots an arrow.
The arrow hits you!
* * * LOW HITPOINT WARNING * * *
The arrow freezes you.
You die...

#...<..............#*,** **,,,
#..........?.....###*,,* *,,,
#................# **,* *,*,
#..@.............# **,****,*,
#(......<........# **,,,,,,,,,
#...........c....###.,,,,,,***
##...................*****,**
##.....##.(........#*****,,**
########.##@.......,,,,,,,,,
#.##.......#***,,***,
#.##.......#*,,,,,,,,
#.##.(.....#*,**,****
#!##########,,**,* ###**
****,***,* *_* ***,,,,* *,*
*,* *,,,**** *,* ***,***,***
*,****


You could see a centaur.

Vanquished Creatures
  Eustachio (D:5)
  An ogre (D:4)
  A scorpion (D:4)
  A howler monkey (D:3)
  An iguana (D:4)
  A worker ant (D:4)
  A hound skeleton (D:4)
  2 adders
  2 dart slugs
  2 orcs (D:4)
  4 giant cockroaches
  4 goblins
  A hobgoblin (D:1)
  2 jackals (D:1)
  2 ball pythons
  10 bats
  A frilled lizard (D:4)
  5 kobolds
  3 rats (D:1)
45 creatures vanquished.

Notes
Turn   | Place    | Note
-------+----------+-------------------------------------------
     0 | D:1      | Amnesiac the Kobold Fighter began the quest for the Orb.
     0 | D:1      | Reached XP level 1. HP: 14/14 MP: 1/1
    26 | D:1      | Reached skill level 3 in Short Blades
   241 | D:1      | Reached XP level 2. HP: 17/19 MP: 2/2
   445 | D:1      | Reached skill level 4 in Short Blades
   617 | D:2      | Reached skill level 1 in Dodging
   635 | D:2      | Reached XP level 3. HP: 16/23 MP: 3/3
   800 | D:2      | Found a white marble altar of Elyvilon.
   801 | D:2      | Found a glowing golden altar of the Shining One.
   801 | D:2      | Found a sacrificial altar of Ru.
   803 | D:2      | Found a hide-covered altar of Uskayaw.
   803 | D:2      | Found a bloodstained altar of Trog.
   807 | D:2      | Found a snail-covered altar of Cheibriados.
   808 | D:2      | Found a shadowy altar of Dithmenos.
   880 | D:3      | Found an ornate altar of the Wu Jian Council.
   951 | D:3      | Reached skill level 5 in Short Blades
   951 | D:3      | Reached XP level 4. HP: 19/28 MP: 4/4
  1057 | D:4      | Reached XP level 5. HP: 26/32 MP: 5/5
  1121 | D:4      | Reached skill level 6 in Short Blades
  1336 | D:4      | Noticed an ogre
  1361 | D:4      | Killed an ogre
  1361 | D:4      | Reached skill level 7 in Short Blades
  1361 | D:4      | Reached XP level 6. HP: 37/37 MP: 6/6
  1555 | D:4      | Found an ancient bone altar of Kikubaaqudgha.
  1851 | D:5      | Entered Level 5 of the Dungeon
  1851 | D:5      | Noticed Eustachio
  1891 | D:5      | Killed Eustachio
  1891 | D:5      | Reached skill level 8 in Short Blades
  1891 | D:5      | Reached XP level 7. HP: 6/41 MP: 7/7
  1987 | D:5      | Shot with an arrow by a centaur

Vault maps used:
D:1:      dpeg_arrival_round_c, minmay_misc_feat_alley
D:2:      grunt_temple_overflow_open, st_stairs_7, minmay_close_crescents
D:3:      lemuel_round_altar, overflow_temple_1_default, uniq_ijyb
D:4:      kennysheep_mini, first_ration, minmay_misc_feat_x
D:5:      lemuel_zombie_altar_yredelemnul, uniq_prince_ribbit1, uniq_eustachio,
          uniq_edmund

Skill      XL: |  1  2  3  4  5  6 |
---------------+-------------------+-----
Short Blades   | 3 4 5 7 8 |  8.1
Dodging        | 1 2 |  2.8
Fighting       | |  3.5
Armour         | |  2.8
Shields        | |  2.8

Action                   |  1- 3 |  4- 6 |  7- 9 || total
-------------------------+-------+-------+-------++-------
Melee: Rapier            |    91 |       |       ||    91
       Dagger            |    24 |    69 |       ||    93
  Use: Scroll            |       |       |     6 ||     6
  Eat: Chunk             |     9 |     2 |       ||    11
Armor: Scale mail        |    45 |    18 |       ||    63
Dodge: Dodged            |    54 |    37 |     1 ||    92
Block: Shield            |    61 |    43 |     1 ||   105

Table legend:
 A = Spawn XP
 B = Non-spawn XP
 C = Spawn XP percentage of total XP
 D = Spawn monster count
 E = Non-spawn monster count
 F = Spawn count percentage of total count
 G = Total turns spent on level
                    A         B        C        D         E        F      G
               +---------+---------+-------+---------+---------+-------+---------
         Total |       0 |     620 |   0.0 |       0 |      45 |   0.0 |  1987
               +---------+---------+-------+---------+---------+-------+---------
           D:1 |       0 |      24 |   0.0 |       0 |      17 |   0.0 |   596
           D:2 |       0 |      27 |   0.0 |       0 |       9 |   0.0 |   281
           D:3 |       0 |      57 |   0.0 |       0 |       4 |   0.0 |   145
           D:4 |       0 |     316 |   0.0 |       0 |      14 |   0.0 |   829
           D:5 |       0 |     196 |   0.0 |       0 |       1 |   0.0 |   136
               +---------+---------+-------+---------+---------+-------+---------
